 Dungeon Crawl Stone Soup version 0.27.1 (webtiles) character file.

Game seed: 5776779456829292186

123516 MajorAdolf the Fighter (level 16, -3/154 HPs)
             Began as a Naga Wanderer on Aug 22, 2021.
             Was an Initiate of Gozag.
             Shot with a bolt by a naga sharpshooter (23 damage)
             ... on level 3 of the Snake Pit.
             The game lasted 00:59:54 (32309 turns).

MajorAdolf the Fighter (Naga Wanderer)             Turns: 32309, Time: 00:59:55

Health: -3/154     AC: 16    Str: 21    XL:     16   Next: 90%
Magic:  15/16      EV: 10    Int: 12    God:    Gozag
Gold:   865        SH: 14    Dex: 11    Spells: 13/15 levels left

rFire    + . .     SeeInvis +   b - +9 hand axe of Shrieking Fortitude {holy, rC+++ Will+ Int-4 Stlth+}
rCold    + + .     Faith    .   S - +2 kite shield {AC+3}
rNeg     . . .     Spirit   .   y - +0 troll leather armour
rPois    +         Reflect  .   k - +2 helmet {Int+3}
rElec    .         Harm     .   (no cloak)
rCorr    .         Rampage  .   g - +1 pair of gloves
Will     +++..                  (no barding)
Stlth    ++........             H - amulet of regeneration
HPRegen  2.35/turn              h - ring of fire
MPRegen  0.15/turn              l - +4 ring of slaying

@: lethally poisoned (-3 -> -3), wereblooded, gold aura, slowed, constricted,
very slow
A: AC +5, large, see invisible, deformed body, poison resistance, slowness 2,
spit poison 1, naga tail 2
a: Spit Poison, Renounce Religion, Potion Petition, Call Merchant, Bribe Branch


You were on level 3 of the Snake Pit.
You worshipped Gozag.
Gozag was pleased with you.
You visited 5 branches of the dungeon, and saw 27 of its levels.
You also visited: Ossuary and Bailey.

You collected 8548 gold pieces.
You spent 2993 gold pieces at shops.
You paid 4690 gold pieces to Gozag.

Inventory:

Hand Weapons
 b - the +9 hand axe of Shrieking Fortitude (weapon) {holy, rC+++ Will+ Int-4 Stlth+}
   (You found it on level 10 of the Dungeon)

   It has been blessed by the Shining One to cause great damage to the undead
   and demons.
   Int:       It affects your intelligence (-4).
   rC:        It renders you almost immune to cold.
   Will:      It increases your willpower.
   Stlth:     It makes you more stealthy.
 x - a +1 dagger of electrocution
 O - a +0 broad axe of venom
 Q - a +0 broad axe of flaming
Armour
 g - a +1 pair of gloves (worn)
 k - a +2 helmet of intelligence (worn)
 y - a +0 troll leather armour (worn)
 S - a +2 kite shield of protection (worn)
Jewellery
 h - a ring of fire (left hand)
 l - a +4 ring of slaying (right hand)
 q - a ring of resist corrosion
 r - a ring of flight
 u - a ring of protection from cold
 A - a ring of protection from fire
 D - a ring of protection from cold
 E - the amulet of Nedapecekiw {Spirit rF+ Will+ Str+2 Int+3}
   (You found it on level 15 of the Dungeon)

   [amulet of guardian spirit]

   It causes incoming damage to be divided between your reserves of health and
   magic.
   Str:       It affects your strength (+2).
   Int:       It affects your intelligence (+3).
   rF:        It protects you from fire.
   Will:      It increases your willpower.
 H - an amulet of regeneration (around neck)
 L - a ring of positive energy
 U - a ring of protection from cold
Wands
 n - a wand of mindburst (46)
 J - a wand of paralysis (14)
 M - a wand of digging (5)
 P - a wand of polymorph (4)
 W - a wand of iceblast (14)
 X - a wand of flame (28)
Scrolls
 d - a scroll of holy word
 f - 8 scrolls of teleportation
 i - 9 scrolls of amnesia
 s - 2 scrolls of fear
 w - 4 scrolls of magic mapping
 G - 12 scrolls of identify
 I - a scroll of brand weapon
 K - 2 scrolls of enchant weapon
 N - 8 scrolls of enchant armour
 R - a scroll of blinking
 V - 5 scrolls of fog
 Y - 6 scrolls of immolation
 Z - a scroll of summoning
Potions
 a - a potion of heal wounds
 c - 5 potions of brilliance
 e - 3 potions of might
 j - 3 potions of lignification
 m - 6 potions of flight
 o - a potion of magic {unknown}
 p - a potion of berserk rage
 t - 2 potions of haste
 v - a potion of resistance
 z - 5 potions of mutation
 B - a potion of invisibility
 C - 3 potions of ambrosia
 F - 13 potions of curing
Miscellaneous
 T - a box of beasts


   Skills:
 + Level 12.9 Fighting
 - Level 2.0 Short Blades
 + Level 12.3 Axes
 - Level 1.0(8.1) Maces & Flails
 - Level 6.0 Armour
 + Level 10.7 Dodging
 - Level 1.5 Stealth
 + Level 10.0 Shields
 + Level 11.0 Transmutations
 + Level 11.8 Evocations


You had 13 spell levels left.
You knew the following spells:

 Your Spells              Type           Power      Damage    Failure   Level
a - Wereblood             Tmut           26%        N/A       1%          2

Your spell library contained the following spells:

 Spells                   Type           Power      Damage    Failure   Level
 Beastly Appendage        Tmut           52%        N/A       1%          1
 Spider Form              Tmut/Pois      6%         N/A       12%         3
 Blade Hands              Tmut           13%        N/A       12%         5
 Apportation              Tloc           0%         N/A       36%         1
 Magic Dart               Conj           0%         1d3       36%         1
 Shock                    Conj/Air       0%         1d3       36%         1
 Ice Form                 Ice/Tmut       13%        N/A       36%         4
 Blink                    Tloc           N/A        N/A       50%         2
 Call Imp                 Summ           0%         N/A       50%         2
 Corpse Rot               Necr/Air       N/A        N/A       50%         2
 Static Discharge         Conj/Air       0%         N/A       50%         2
 Alistair's Intoxication  Tmut/Pois      8%         N/A       73%         5
 Irradiate                Conj/Tmut      6%         3d16      73%         5
 Frozen Ramparts          Ice            0%         1d2       75%         3
 Inner Flame              Hex/Fire       0%         N/A       75%         3
 Mephitic Cloud           Conj/Pois/Air  0%         N/A       75%         3
 Stone Arrow              Conj/Erth      0%         3d7       75%         3
 Swiftness                Air            0%         N/A       75%         3
 Teleport Other           Tloc           0%         N/A       75%         3
 Airstrike                Air            0%         N/A       98%         4
 Animate Armour           Summ/Erth      0%         N/A       98%         4
 Cause Fear               Hex            0%         N/A       98%         4
 Dispel Undead            Necr           0%         3d6       98%         4
 Passage of Golubria      Tloc           N/A        N/A       98%         4
 Sticky Flame             Conj/Fire      0%         2d3       98%         4
 Summon Ice Beast         Ice/Summ       0%         N/A       98%         4
 Summon Lightning Spire   Summ/Air       0%         N/A       98%         4
 Dragon Form              Tmut           13%        N/A       98%         7
 Bolt of Magma            Conj/Fire/Erth 0%         4d4       100%        5
 Lightning Bolt           Conj/Air       0%         1d11      100%        5
 Death Channel            Necr           0%         N/A       100%        6
 Invisibility             Hex            0%         N/A       100%        6
 Discord                  Hex            0%         N/A       100%        8
 Lehudib's Crystal Spear  Conj/Erth      0%         10d2      100%        8
 Maxwell's Capacitive Co  Air            0%         ∞         100%        8
 Shatter                  Erth           0%         3d5*      100%        9


Dungeon Overview and Level Annotations

Branches:
Dungeon (15/15)            Temple (1/1) D:5            Lair (6/6) D:10
 Shoals (0/4) Lair:3        Snake (3/4) Lair:4        Slime (0/5) Lair:5
    Orc (2/2) D:11         Vaults (0/5) D:14         Depths (0/5) D:15
Ossuary (visited)          Bailey (visited)
    Elf: Orc:2

Altars:
Ashenzari
Cheibriados
Dithmenos
Elyvilon
Fedhas
Gozag
Hepliaklqana
Kikubaaqudgha
Makhleb
Nemelex Xobeh
Okawaru
Qazlal
Ru
Sif Muna
Trog
Uskayaw
Vehumet
Wu Jian
Xom
Yredelemnul
Zin
The Shining One

Shops:
D:1 =(*(   D:11 [[   D:12 [   D:14 [*(?   Snake:1 ![((

Annotations:
D:4 3 runed translucent doors, Skimidon's ghost, novice VSFi; hurston's ghost, amateur GrFi; hurston's ghost, novice HuWn
D:10 3 runed translucent doors, amoeba's ghost, journeyman MiFi
D:12 exclusion: boulder beetle
Snake:3 Mara; Vashnia
Orc:2 Jorgrun; Rupert


Innate Abilities, Weirdness & Mutations

Your serpentine skin is tough. (AC +5)
You have supernaturally acute eyesight. (SInv)
Armour fits poorly on your strangely shaped body.
Your system is resistant to poisons. (rPois)
You cover ground very slowly.
You can spit poison.
You can use your snake-like lower body to constrict enemies.


Message History

The salamander hits you.
You are engulfed in flames.
You resist. The salamander barely misses you. You block the naga mage's attack.
The naga mage hits you with a +0 whip. The naga mage constricts you.
* * * LOW HITPOINT WARNING * * *
The naga warrior hits you but does no damage.
The naga sharpshooter casts a spell.
The naga sharpshooter magically shoots an arrow.
The arrow hits you!
* * * LOW HITPOINT WARNING * * *
The naga hits you but does no damage. The salamander hits you!
* * * LOW HITPOINT WARNING * * *
You are engulfed in flames.
You resist.
* * * LOW HITPOINT WARNING * * *
The naga mage spits poison at you.
The splash of poison hits you but does no damage.
You are more poisoned.
You resist.
The salamander hits you from afar with a +0 halberd!
* * * LOW HITPOINT WARNING * * *
You are engulfed in flames!
You resist.
* * * LOW HITPOINT WARNING * * *
The naga sharpshooter spits poison at you.
You block the splash of poison.
Unknown command.
Unknown command.
Unknown command.
Unknown command.
You feel much better.
You feel very sick. You block the naga mage's attack.
The naga mage constricts you.
* * * LOW HITPOINT WARNING * * *
The naga warrior spits poison at you. The splash of poison misses you.
The splash of poison hits the naga mage.
The naga mage completely resists.
The naga sharpshooter unwields a +0 battleaxe.
The naga sharpshooter wields a +0 arbalest.
The naga sharpshooter shoots a bolt.
The bolt hits you!!
You die...
Your body crumbles into a pile of gold.

.... #....
.N........# .....
....N.....# #.....
...N......## ......
...........# #......
..N........##.......
...........NNN......
..........SN@NN.....
...........NNN....N.
....#.....N.NN......
. #.......N.......
#...........N...
#...........N...
#########...NN..
.......


You could see Vashnia (strong), a naga warrior, 5 naga sharpshooters, 3
salamanders, a guardian serpent, 4 naga magi and 4 nagas.

Vanquished Creatures
  Gastronok (D:11)
  2 nagarajas
  Snorg (Lair:5)
  6 naga warriors
  6 boulder beetles
  9 hydras
  Harold (D:11)
  4 anacondas
  2 centaur warriors
  4 two-headed ogres
  A catoblepas (Lair:6)
  6 naga sharpshooters
  Urug (D:11)
  A tengu warrior (D:13)
  3 shock serpents
  3 salamander mystics
  2 naga ritualists
  An orange crystal statue (D:13)
  2 wizards
  3 orc knights
  A wolf spider (Lair:6)
  4 deep elf pyromancers
  9 ugly things
  A necromancer (D:15)
  5 mana vipers
  An orc sorcerer (D:15)
  7 salamanders
  2 cyclopes
  4 manticores
  4 elephants
  4 guardian serpents
  33 black mambas
  A merfolk siren (Lair:3)
  7 naga magi
  A torpor snail (Lair:3)
  14 cane toads
  A centaur skeleton (D:15)
  4 rime drakes
  A kobold demonologist (D:10)
  An efreet (D:14)
  2 unseen horrors
  9 komodo dragons
  A tengu conjurer (D:14)
  3 trolls
  11 polar bears
  A harpy skeleton (D:15)
  23 blink frogs
  2 hornets (Lair:6)
  3 raiju (Lair:6)
  4 slime creatures (D:15)
  8 dream sheep
  2 redbacks (Lair:6)
  3 shadows
  A vampire (D:13)
  A centaur simulacrum (D:15)
  3 basilisks
  3 fire elementals (Snake:3)
  14 wyverns
  67 yaks
  A golden eye (shapeshifter) (D:14)
  A redback simulacrum (D:15)
  2 steam dragons
  7 vampire mosquitoes
  6 wargs
  An acid dragon (shapeshifter) (D:14)
  A swamp worm (shapeshifter) (D:14)
  29 nagas
  34 water moccasins
  2 acid dragons
  14 hell hounds (Lair:6)
  6 orc warriors
  A meliai simulacrum (D:12)
  14 black bears
  An ice beast (D:7)
  A necrophage (D:6)
  34 wolves
  A centaur (D:5)
  2 ogres (Orc:1)
  2 phantoms
  12 kobold brigands
  15 bullfrogs
  A water moccasin zombie (D:7)
  3 troll zombies (D:11)
  16 killer bees (D:9)
  5 wights (D:9)
  3 howler monkeys (D:7)
  6 centaur zombies
  A human zombie (Ossuary)
  3 hounds
  4 jellies
  10 orc priests
  A bullfrog skeleton (D:5)
  5 iguanas
  10 orc wizards
  Natasha (thrice) (D:2)
  3 ogre zombies (D:11)
  A hound skeleton (D:4)
  3 mummies
  A howler monkey zombie (D:5)
  Robin (D:2)
  6 adders
  4 gnolls
  2 shadow imps
  3 ufetubi
  An adder zombie (Ossuary)
  A worm (D:3)
  3 dart slugs
  34 orcs
  9 endoplasms
  A giant cockroach (D:1)
  27 goblins
  15 hobgoblins
  4 quokkas
  8 ball pythons
  16 bats
  6 frilled lizards
  A goblin skeleton (D:11)
  2 goblin zombies
  12 hobgoblin zombies
  2 jackal zombies (Ossuary)
  40 kobolds
  17 kobold zombies
  3 orc skeletons (D:11)
  17 orc zombies
  6 rats
  2 rat zombies (Ossuary)
834 creatures vanquished.

Vanquished Creatures (others)
  2 dancing weapons (D:14)
  43 fungi
  87 plants
132 creatures vanquished.

Grand Total: 966 creatures vanquished

Notes
Turn   | Place    | Note
-------+----------+-------------------------------------------
     0 | D:1      | MajorAdolf the Naga Wanderer began the quest for the Orb.
     0 | D:1      | MajorAdolf set off with the following items: a +0 short
                  | sword, a +2 scale mail, a potion of curing
     0 | D:1      | Reached XP level 1. HP: 21/21 MP: 1/1
    51 | D:1      | Found Henuonig's Assorted Antiques.
   138 | D:1      | Found Taerupie's Weapon Boutique.
   358 | D:1      | Reached XP level 2. HP: 13/28 MP: 2/2
   535 | D:1      | Found Lyjuqoc's Antique Weapon Shoppe.
   739 | D:1      | Found Posadomn's Jewellery Shoppe.
   794 | D:1      | Reached skill level 1 in Dodging
   794 | D:1      | Reached XP level 3. HP: 32/34 MP: 3/3
  1754 | D:2      | Noticed Robin
  1757 | D:2      | Reached XP level 4. HP: 44/44 MP: 4/4
  1780 | D:2      | Killed Robin
  3068 | D:2      | Noticed Natasha
  3075 | D:2      | Killed Natasha
  3076 | D:2      | Reached XP level 5. HP: 50/50 MP: 5/5
  3155 | D:2      | Noticed Natasha
  3160 | D:2      | Killed Natasha
  3161 | D:2      | Reached skill level 1 in Axes
  3437 | D:2      | Noticed Natasha
  3444 | D:2      | Killed Natasha
  3535 | D:3      | Found a faded altar of an unknown god.
  3939 | D:3      | Found a hazy altar of Hepliaklqana.
  3957 | D:3      | Reached XP level 6. HP: 57/57 MP: 6/6
  4287 | D:3      | Found a shimmering blue altar of Sif Muna.
  5110 | D:4      | Reached XP level 7. HP: 61/66 MP: 7/7
  5312 | D:4      | Found a runed translucent gate.
  5314 | D:4      | Found a runed translucent gate.
  5314 | D:4      | Found a runed translucent gate.
  5314 | D:4      | Noticed Skimidon's ghost (novice VSFi)
  5314 | D:4      | Noticed hurston's ghost (novice HuWn)
  5314 | D:4      | Noticed hurston's ghost (amateur GrFi)
  5700 | D:5      | Entered Level 5 of the Dungeon
  5784 | D:5      | Reached skill level 5 in Fighting
  5825 | D:5      | Found a staircase to the Ecumenical Temple.
  5851 | Temple   | Entered the Ecumenical Temple
  6601 | D:5      | Found a sacrificial altar of Ru.
  6610 | D:5      | Reached XP level 8. HP: 75/75 MP: 8/8
  8082 | D:6      | Identified the +3 ring mail of Limited Liability {Drain
                  | Int+6 Stlth+}
  8305 | D:7      | Reached skill level 1 in Evocations
  8631 | D:7      | Reached XP level 9. HP: 75/82 MP: 9/9
  9054 | D:7      | Reached skill level 5 in Armour
  9343 | D:7      | Found a stormy altar of Qazlal.
  9371 | D:7      | Found an iron altar of Okawaru.
  9527 | D:8      | Found a basalt altar of Yredelemnul.
  9535 | D:8      | Noticed a troll
  9556 | D:8      | Killed a troll
  9557 | D:8      | Reached skill level 5 in Axes
  9677 | D:8      | Found a sand-covered staircase.
  9685 | Ossuary  | Entered an ossuary
 10561 | D:8      | Found an opulent altar of Gozag.
 10599 | D:8      | Became a worshipper of Gozag Ym Sagoz the Greedy
 10715 | D:8      | Reached skill level 5 in Dodging
 10743 | D:8      | Reached XP level 10. HP: 81/94 MP: 10/10
 10763 | D:8      | Found a broken altar of Ashenzari.
 10766 | D:8      | Found a burning altar of Makhleb.
 10816 | D:8      | Learned a level 2 spell: Wereblood
 12011 | D:9      | Reached skill level 1 in Transmutations
 13190 | D:10     | Entered Level 10 of the Dungeon
 13319 | D:10     | Noticed a kobold demonologist
 13335 | D:10     | Noticed a smoke demon
 13335 | D:10     | Killed a kobold demonologist
 13336 | D:10     | Reached skill level 5 in Evocations
 13454 | D:10     | Reached XP level 11. HP: 21/103 MP: 11/11
 13706 | D:10     | Noticed a two-headed ogre
 13713 | D:10     | Killed a two-headed ogre
 13766 | D:10     | Identified the +9 hand axe of Shrieking Fortitude {holy,
                  | rC+++ Will+ Int-4 Stlth+}
 13998 | D:10     | Found a runed translucent gate.
 13998 | D:10     | Found a runed translucent gate.
 13998 | D:10     | Found a runed translucent gate.
 14003 | D:10     | Noticed amoeba's ghost (journeyman MiFi)
 14327 | D:10     | Found a staircase to the Lair.
 14528 | D:11     | Reached skill level 5 in Shields
 14544 | D:11     | Noticed Gastronok
 14676 | D:11     | Noticed a two-headed ogre
 14679 | D:11     | Killed a two-headed ogre
 14787 | D:11     | Found Feizxoipp's Antique Armour Shoppe.
 14905 | D:11     | Noticed a manticore
 15211 | D:11     | Killed a manticore
 15261 | D:11     | Noticed Harold
 15418 | D:11     | Killed Gastronok
 15419 | D:11     | Reached skill level 5 in Transmutations
 15419 | D:11     | Reached XP level 12. HP: 69/114 MP: 12/12
 15610 | D:11     | Killed Harold
 15680 | D:11     | Noticed Urug
 15704 | D:11     | Killed Urug
 15914 | D:11     | Found a staircase to the Orcish Mines.
 16603 | D:12     | Found Xuseralia's Armour Shoppe.
 16617 | D:12     | Bought a +2 kite shield of protection for 258 gold pieces
 16742 | D:12     | Noticed a two-headed ogre
 16748 | D:12     | Killed a two-headed ogre
 16974 | D:12     | Noticed a boulder beetle
 17137 | Orc:1    | Entered Level 1 of the Orcish Mines
 17447 | Orc:2    | Entered Level 2 of the Orcish Mines
 17447 | Orc:2    | Noticed Jorgrun
 17451 | Orc:2    | Noticed Rupert
 17469 | Orc:1    | HP: 3/115 [orc knight (14)]
 17736 | Lair:1   | Entered Level 1 of the Lair of Beasts
 17902 | Lair:1   | Noticed a seven-headed hydra
 17912 | Lair:1   | Killed a three-headed hydra
 17913 | Lair:1   | Gained mutation: You can use your snake-like lower body to
                  | constrict enemies. [Naga growth]
 17913 | Lair:1   | Reached XP level 13. HP: 76/123 MP: 13/13
 18238 | Lair:1   | Reached skill level 10 in Fighting
 19810 | Lair:3   | Found a staircase to the Shoals.
 20586 | Lair:4   | Found a staircase to the Snake Pit.
 20691 | Lair:4   | Reached XP level 14. HP: 133/133 MP: 12/14
 21060 | D:1      | Bought a +4 ring of slaying for 780 gold pieces
 22179 | Lair:5   | Reached skill level 10 in Axes
 22515 | Lair:5   | Noticed Snorg
 22534 | Lair:5   | Killed Snorg
 22977 | Lair:5   | Found a staircase to the Slime Pits.
 23113 | Lair:6   | Entered Level 6 of the Lair of Beasts
 23162 | Lair:6   | Found a bloodstained altar of Trog.
 23561 | Lair:6   | Reached skill level 10 in Evocations
 24003 | Lair:6   | Reached XP level 15. HP: 132/142 MP: 13/15
 25572 | D:13     | Found a flagged portal.
 25596 | Bailey   | Entered a bailey
 26051 | D:13     | Identified the +6 shortbow "Kenism" {flame, rN+ Will+}
 27345 | D:14     | Bought a potion of heal wounds for 210 gold pieces
 27352 | D:14     | Bought a scroll of enchant armour for 120 gold pieces
 27352 | D:14     | Bought a scroll of brand weapon for 320 gold pieces
 27352 | D:14     | Bought a scroll of holy word for 120 gold pieces
 27352 | D:14     | Bought a scroll of immolation for 56 gold pieces
 27352 | D:14     | Bought a scroll of immolation for 56 gold pieces
 27707 | D:14     | Found a gate to the Vaults.
 27721 | D:14     | Reached skill level 10 in Transmutations
 27943 | D:15     | Entered Level 15 of the Dungeon
 27969 | D:14     | Reached skill level 10 in Dodging
 28956 | D:15     | Found a staircase to the Depths.
 29056 | D:15     | Found a sparkling altar of Nemelex Xobeh.
 29107 | D:15     | Identified the amulet of Nedapecekiw {Spirit rF+ Will+
                  | Str+2 Int+3}
 29454 | Snake:1  | Entered Level 1 of the Snake Pit
 29460 | Snake:1  | Reached XP level 16. HP: 115/147 MP: 11/16
 29953 | Snake:1  | Found Acikecza's Distillery.
 29955 | Snake:1  | Identified the +4 flail "Huits" {pain, rC+ rCorr Stlth+}
 29959 | Snake:1  | Found Heseq's Weapon Emporium.
 29959 | Snake:1  | Found Fymnan's Armour Shoppe.
 29976 | Snake:1  | Bought a potion of curing for 51 gold pieces
 29976 | Snake:1  | Bought a potion of curing for 51 gold pieces
 29976 | Snake:1  | Bought a potion of heal wounds for 85 gold pieces
 29976 | Snake:1  | Bought a potion of mutation for 136 gold pieces
 29976 | Snake:1  | Bought a potion of haste for 170 gold pieces
 29976 | Snake:1  | Bought a potion of curing for 51 gold pieces
 29976 | Snake:1  | Bought a potion of haste for 170 gold pieces
 29976 | Snake:1  | Bought a potion of resistance for 170 gold pieces
 29976 | Snake:1  | Found Miut's Antique Weapon Emporium.
 30684 | Snake:1  | Got Sif Muna's Volume of the Voyage
 31242 | Snake:2  | Noticed a nagaraja
 31265 | Snake:2  | Killed a nagaraja
 31463 | Snake:1  | Bought a runed broad axe for 189 gold pieces
 31971 | Snake:3  | Noticed a nagaraja
 31987 | Snake:3  | Killed a nagaraja
 32020 | Snake:3  | Reached skill level 10 in Shields
 32188 | Snake:3  | Noticed Mara
 32194 | Snake:3  | Noticed MajorAdolf's illusion
 32216 | Snake:3  | Noticed MajorAdolf's illusion
 32300 | Snake:3  | Noticed Vashnia
 32308 | Snake:3  | HP: 1/154 [salamander (7)]
 32309 | Snake:3  | Shot with a bolt by a naga sharpshooter

Illustrated notes

Levels and vault maps discovered:
D:1:      dpeg_arrival_signposts, layout_basic, serial_shops, shop, shop, shop,
          shop
D:2:      layout_basic, chequers_serial_rivers_small_a, uniq_natasha, uniq_robin
D:3:      layout_loops_ring, general_overflow_altar,
          mainiacjoe_overflow_24_doors, chequers_ecumenical_altar_simple_redux
D:4:      layout_basic, gammafunk_ghost_cemetery
D:5:      layout_loops_ring, nicolae_ru_great_annihilating_truth,
          minmay_temple_entry_ruins, kennysheep_flooded_box, wad_woods_river_04,
          glass_columns_a
D:6:      layout_basic, skrybe_limestone_x, due_unseen_surprise
D:7:      layout_loops_ring, mainiacjoe_overflow_swirl
D:8:      layout_basic, mainiacjoe_overflow_boulevard, minitemple,
          old_standard_altar, nicolae_ossuary_entry_giza
D:9:      layout_basic
D:10:     layout_rooms, erik_lair_dragon, gammafunk_ghost_necromancy,
          special_room [special_room_kobold]
D:11:     layout_basic, zombieorc1_lemuel, serial_shops, nicolae_shop_stone,
          uniq_urug, uniq_gastronok, uniq_harold
D:12:     layout_basic, serial_shops, shop
D:13:     minmay_statue_hallways, layout_long_grid, enter_bailey_4
D:14:     layout_roguey, erik_vaults_1, nicolae_two_hexagons,
          kennysheep_generic_room_7
D:15:     grunt_enter_depths_magical_seal, layout_cave_pods,
          chequers_serial_rivers_micro_e, chequers_serial_rivers_room_a,
          roderic_batcave, nemelex_diamond_rough_becter
Temple:   nicolae_temple_figure_eight
Lair:1:   layout_cellular_growth, serial_forest, infiniplex_forest_corner_1,
          infiniplex_forest_lined_room_2, infiniplex_forest_straight_4,
          infiniplex_forest_clump_small, infiniplex_forest_3_way, st_stairs_13,
          infiniplex_staircase_pool
Lair:2:   layout_loops_ring, serial_bayou_shore_b
Lair:3:   nzn_winding_woodlands_three_and_one
          [nzn_winding_woodlands_5x15_parted,
          nzn_winding_woodlands_5x15_default,
          nzn_winding_woodlands_5x15_sidewinder,
          nzn_winding_woodlands_center_garden], layout_chaotic_city,
          minmay_shoals_entry_lonely_mermaid
Lair:4:   layout_small_grid, minmay_snake_entry_six_corridors
Lair:5:   layout_regular_city, dpeg_slime_entry_corner,
          small_statue_intersection, uniq_snorg
Lair:6:   hangedman_lair_caniforms_friends, layout_misc_corridors,
          hangedman_lair_tendril_chambers, basic_altar
Snake:1:  layout_rooms, drop_trap, nicolae_snake_storage_room, minmay_shoptagon
Snake:2:  layout_cave_pods
Snake:3:  layout_onion, serial_shops, shop, nicolae_large_snake_swirl,
          grunt_megastairs_1, serial_bayou_shore_b, lemuel_fruit_tree,
          uniq_azrael, uniq_mara, uniq_vashnia, uniq_asterion
Orc:1:    layout_diamond_mine, serial_shops, nicolae_lakefront_shop,
          uniq_nergalle
Orc:2:    st_orc_open, layout_diamond_mine, basic_altar, uniq_jorgrun,
          uniq_rupert, uniq_sonja

Skill      XL: |  1  2  3  4  5  6  7  8  9 10 11 12 13 14 15 16 |
---------------+-------------------------------------------------+-----
Armour         | 2 3 4 5 6 |  6.0
Dodging        | 1 2 3 4 5 6 7 8 9 10 | 10.7
Fighting       | 4 5 6 7 9 10 11 12 | 12.9
Axes           | 1 2 3 4 5 6 7 8 9 10 11 12 | 12.3
Evocations     | 1 3 5 6 7 9 10 11 | 11.8
Shields        | 2 3 4 5 6 7 8 9 10 | 10.0
Transmutations | 3 5 6 7 9 10 11 | 11.0
Short Blades   | |  2.0
Maces & Flails | |  1.0
Stealth        | |  1.5

Action                   |  1- 3 |  4- 6 |  7- 9 | 10-12 | 13-15 | 16-18 || total
-------------------------+-------+-------+-------+-------+-------+-------++-------
Melee: Short sword       |    89 |    89 |       |       |       |       ||   178
       Whip              |       |   106 |   373 |   325 |       |       ||   804
       Dagger            |       |       |   174 |    19 |       |       ||   193
       War axe           |       |       |    16 |    71 |    68 |       ||   155
       Hand axe          |       |       |       |   422 |  1074 |   394 ||  1890
       Constrict         |       |       |       |       |   225 |    69 ||   294
 Cast: Wereblood         |       |       |       |    25 |    96 |    22 ||   143
Invok: Call Merchant     |       |       |       |     1 |     4 |       ||     5
 Abil: Spit Poison       |     6 |    18 |     5 |     6 |     3 |       ||    38
Evoke: Wand              |       |       |     3 |    27 |       |     6 ||    36
  Use: Scroll            |       |     6 |     8 |       |    19 |     4 ||    37
       Potion            |       |     1 |       |     1 |     6 |     5 ||    13
 Stab: Paralysed         |       |       |     2 |     6 |       |       ||     8
       Sleeping          |       |       |     1 |     2 |     5 |     1 ||     9
       Distracted        |       |       |       |     5 |    14 |     2 ||    21
       Petrified         |       |       |       |       |    17 |       ||    17
       Petrifying        |       |       |       |       |     1 |       ||     1
Armor: Scale mail        |    48 |   134 |   234 |       |       |       ||   416
       Troll leather arm |       |       |    79 |   275 |   359 |   103 ||   816
       Skin              |       |       |       |     7 |       |       ||     7
Dodge: Dodged            |    36 |    78 |   204 |   364 |   569 |   171 ||  1422
Block: Kite shield       |       |       |   172 |   415 |   749 |   287 ||  1623
